 Dungeon Crawl Stone Soup version 0.28.0-47-ge53b351184 (webtiles) character file.

Game seed: 9243159786617265189

149 Dreadrock the Covered (level 5, -8/46 HPs)
             Began as a Minotaur Fighter on May 10, 2022.
             Mangled by an ogre
             ... wielding a +0 giant club
              (15 damage)
             ... on level 4 of the Dungeon.
             The game lasted 00:14:41 (3522 turns).

Dreadrock the Covered (Minotaur Fighter)            Turns: 3522, Time: 00:14:41

Health: -8/46      AC:  7    Str: 23    XL:     5   Next: 9%
Magic:  4/4        EV:  9    Int:  5    God:
Gold:   98         SH:  4    Dex:  9    Spells: 4/4 levels left

rFire   . . .      SeeInvis .   e - +1 whip (freeze)
rCold   . . .      Faith    .   c - +0 buckler
rNeg    . . .      Spirit   .   b - +0 scale mail
rPois   .          Reflect  .   (helmet restricted)
rElec   .          Harm     .   (no cloak)
rCorr   .          Rampage  .   (no gloves)
Will    .....                   (no boots)
Stlth   ..........              (no amulet)
HPRegen 0.15/turn               (no ring)
MPRegen 0.09/turn               (no ring)

@: no status effects
A: horns 2, retaliatory headbutt
a: no special abilities


You were on level 4 of the Dungeon.
You visited 1 branch of the dungeon, and saw 4 of its levels.

You collected 98 gold pieces.

Inventory:

Hand Weapons
 e - a +1 whip of freezing (weapon)
Armour
 b - a +0 scale mail (worn)
 c - a +0 buckler (worn)
Jewellery
 g - an amulet of magic regeneration
 i - a ring of see invisible
 j - a ring of positive energy
Wands
 f - a wand of iceblast (13)
Scrolls
 a - 2 scrolls of identify
 k - a scroll of amnesia {unknown}
 l - a scroll of holy word {unknown}
Potions
 d - a potion of might
 h - a potion of degeneration {unknown}


   Skills:
 + Level 4.2 Fighting
 - Level 2.8(3.4) Axes
 * Level 2.9(3.5) Maces & Flails
 + Level 5.2 Armour
 + Level 1.0 Dodging
 + Level 0.1 Stealth
 + Level 3.8 Shields


You had 4 spell levels left.
You didn't know any spells.
Your spell library was empty.

Dungeon Overview and Level Annotations

Branches:
Dungeon (4/15)
 Temple: D:4-7

Altars:
The Shining One


Innate Abilities, Weirdness & Mutations

You have a pair of horns on your head.
You reflexively headbutt those who attack you in melee.


Message History

Things that are here:
a +0 short sword; an orc corpse You open the door.
An endoplasm comes into view.
The endoplasm quivers.
There is an open door here.
You hit the endoplasm. You freeze the endoplasm.
The endoplasm is severely wounded.
The endoplasm freezes you.
You are frozen.
You hit the endoplasm. You freeze the endoplasm.
You kill the endoplasm!
You open the door.
There is an open door here.
You now have 98 gold pieces (gained 13).
You open the door.
There is an open door here.
An ogre and a ball python come into view.
The ogre shouts!
The ball python hisses angrily.
The ogre moves out of view.
Found a green potion.
A hound skeleton comes into view.
You closely miss the ball python.
The ball python bites you but does no damage.
The ball python grabs you. The ball python constricts you.
You hit the ball python.
The ball python seems to slow down.
You freeze the ball python.
You kill the ball python!
The ogre hits you with a +0 giant club!
There is an open door here.
You hit the ogre. You freeze the ogre.
The ogre is lightly wounded.
The ogre hits you with a +0 giant club!!
Ouch! That really hurt!
* * * LOW HITPOINT WARNING * * *
Things that are here:
a +0 short sword; an orc corpse
There is a stone staircase leading up here.
The ogre hits you with a +0 giant club!
You die...

#####+#...............#
#.#...............# #
###.##..............# #.
....................####
#.#####......####...........
.... +.....................
...##+#.###......########.......
......$...'...Z..########.......
........###..)O@.+..............
........# #..)...#######........
........# #......# #....####
###..!..# #......#######....#
#.....# #####.............#
#.....# #.............# .......
#...........### #...........#
#...........#


You could see an ogre and a hound skeleton.

Vanquished Creatures
  An orc priest (D:3)
  5 adders
  A worm (D:2)
  4 dart slugs
  7 orcs
  4 endoplasms
  A giant cockroach (D:1)
  4 goblins
  7 hobgoblins
  6 ball pythons
  4 bats (D:1)
  3 frilled lizards
  6 kobolds
  2 rats
55 creatures vanquished.

Vanquished Creatures (others)
  9 fungi
9 creatures vanquished.

Grand Total: 64 creatures vanquished

Notes
Turn   | Place    | Note
-------+----------+-------------------------------------------
     0 | D:1      | Dreadrock the Minotaur Fighter began the quest for the Orb.
     0 | D:1      | Reached XP level 1. HP: 19/19 MP: 0/0
   363 | D:1      | Reached XP level 2. HP: 27/27 MP: 1/1
   577 | D:1      | Reached skill level 4 in Armour
  1083 | D:2      | Reached XP level 3. HP: 21/33 MP: 2/2
  1616 | D:2      | Found a faded altar of an unknown god.
  1809 | D:2      | Reached skill level 1 in Maces & Flails
  2392 | D:2      | Reached XP level 4. HP: 40/40 MP: 3/3
  2472 | D:3      | Reached skill level 5 in Armour
  2822 | D:3      | Reached skill level 1 in Dodging
  3008 | D:3      | Found a glowing golden altar of the Shining One.
  3121 | D:3      | Reached XP level 5. HP: 45/46 MP: 4/4
  3507 | D:4      | Noticed an ogre
  3522 | D:4      | Mangled by an ogre

Illustrated notes

Levels and vault maps discovered:
D:1:      dpeg_arrival_round_c, layout_basic
D:2:      layout_basic, shapermc_ecumenical_altar_acropolis,
          minmay_large_rounded_square, kennysheep_potato
D:3:      layout_loops_ring, mainiacjoe_overflow_boulevard
D:4:      layout_basic

Skill      XL: |  1  2  3  4 |
---------------+-------------+-----
Armour         | 4 5 |  5.2
Fighting       | 4 |  4.2
Maces & Flails | 1 2 |  2.9
Dodging        | 1 |  1.0
Axes           | |  2.8
Stealth        | |  0.1
Shields        | |  3.8

Action                   |  1- 3 |  4- 6 || total
-------------------------+-------+-------++-------
Melee: War axe           |    32 |       ||    32
       Headbutt          |    11 |     5 ||    16
       Whip              |    48 |    62 ||   110
  Use: Scroll            |     3 |       ||     3
Armor: Scale mail        |    35 |    20 ||    55
Dodge: Dodged            |    33 |    20 ||    53
Block: Buckler           |    10 |     5 ||    15
